cohdb
Replays
Latest Replays
All Replays
Popular Replays
Top Player Replays
Match Explorer
How It Works
Community
CoH3 Stats
Reddit
Sign in to upload your games and track your stats! →
Sign in with Steam
Match 42966091
Unlisted
Match 42966091
Overview
Messages
Build Orders
End
Construct Section Command Post
Dingo Light Scout Car
Infantry Section
Infantry Section
Grenade Package
Selects Canadian Shock Battlegroup
Selects Attacking Spirit
Selects Canadian Shock Section
Infantry Section
Construct Platoon Command Post
Selects Incendiary Munitions
Humber Armored Car
Vickers Machine Gun Team
Canadian Shock Section
6-pounder Anti-tank Gun Team
Construct Company Command Post
Selects Pyrotechnics
Crusader II Medium Tank
CMP 15cwt Truck
Forward Retreat Point
Unlock M3 Grant Medium Tanks
Selects Churchill Crocodile Heavy Tank
M3 Grant Medium Tank
CMP 15cwt Truck
beef
thecolonel90
Stug Life
BWAAAAHH!
Tvman265
Combustible Lemons
Voodoo408
천공
0
0
Comments
sign in to comment!
No comments posted yet!